[gd_resource type="Resource" load_steps=29 format=2]

[ext_resource path="res://addons/escoria-core/game/core-scripts/resources/esc_animationname.gd" type="Script" id=1]
[ext_resource path="res://addons/escoria-core/game/core-scripts/resources/esc_animationresource.gd" type="Script" id=2]
[ext_resource path="res://addons/escoria-core/game/core-scripts/resources/esc_directionangle.gd" type="Script" id=3]

[sub_resource type="Resource" id=1]
script = ExtResource( 3 )
angle_start = 340
angle_size = 40

[sub_resource type="Resource" id=2]
script = ExtResource( 3 )
angle_start = 20
angle_size = 50

[sub_resource type="Resource" id=3]
script = ExtResource( 3 )
angle_start = 70
angle_size = 40

[sub_resource type="Resource" id=4]
script = ExtResource( 3 )
angle_start = 110
angle_size = 50

[sub_resource type="Resource" id=5]
script = ExtResource( 3 )
angle_start = 160
angle_size = 40

[sub_resource type="Resource" id=6]
script = ExtResource( 3 )
angle_start = 200
angle_size = 50

[sub_resource type="Resource" id=7]
script = ExtResource( 3 )
angle_start = 250
angle_size = 40

[sub_resource type="Resource" id=8]
script = ExtResource( 3 )
angle_start = 290
angle_size = 50

[sub_resource type="Resource" id=9]
script = ExtResource( 1 )
animation = "walk_Back"
mirrored = false

[sub_resource type="Resource" id=10]
script = ExtResource( 1 )
animation = "walk_BackRight"
mirrored = false

[sub_resource type="Resource" id=11]
script = ExtResource( 1 )
animation = "walk_Right"
mirrored = false

[sub_resource type="Resource" id=12]
script = ExtResource( 1 )
animation = "walk_FrontRight"
mirrored = false

[sub_resource type="Resource" id=13]
script = ExtResource( 1 )
animation = "walk_Front"
mirrored = false

[sub_resource type="Resource" id=14]
script = ExtResource( 1 )
animation = "walk_FrontLeft"
mirrored = false

[sub_resource type="Resource" id=15]
script = ExtResource( 1 )
animation = "walk_Left"
mirrored = false

[sub_resource type="Resource" id=16]
script = ExtResource( 1 )
animation = "walk_BackLeft"
mirrored = false

[sub_resource type="Resource" id=17]
script = ExtResource( 1 )
animation = "idle_Back"
mirrored = false

[sub_resource type="Resource" id=18]
script = ExtResource( 1 )
animation = "idle_BackRight"
mirrored = false

[sub_resource type="Resource" id=19]
script = ExtResource( 1 )
animation = "idle_Right"
mirrored = false

[sub_resource type="Resource" id=20]
script = ExtResource( 1 )
animation = "idle_FrontRight"
mirrored = false

[sub_resource type="Resource" id=21]
script = ExtResource( 1 )
animation = "idle_Front"
mirrored = false

[sub_resource type="Resource" id=22]
script = ExtResource( 1 )
animation = "idle_FrontLeft"
mirrored = false

[sub_resource type="Resource" id=23]
script = ExtResource( 1 )
animation = "idle_Left"
mirrored = false

[sub_resource type="Resource" id=24]
script = ExtResource( 1 )
animation = "idle_BackLeft"
mirrored = false

[sub_resource type="Resource" id=25]
script = ExtResource( 1 )
animation = "idle_Back"
mirrored = false

[resource]
script = ExtResource( 2 )
dir_angles = [ SubResource( 1 ), SubResource( 2 ), SubResource( 3 ), SubResource( 4 ), SubResource( 5 ), SubResource( 6 ), SubResource( 7 ), SubResource( 8 ) ]
directions = [ SubResource( 9 ), SubResource( 10 ), SubResource( 11 ), SubResource( 12 ), SubResource( 13 ), SubResource( 14 ), SubResource( 15 ), SubResource( 16 ) ]
idles = [ SubResource( 17 ), SubResource( 18 ), SubResource( 19 ), SubResource( 20 ), SubResource( 21 ), SubResource( 22 ), SubResource( 23 ), SubResource( 24 ) ]
speaks = [ SubResource( 25 ), SubResource( 25 ), SubResource( 25 ), SubResource( 25 ), SubResource( 25 ), SubResource( 25 ), SubResource( 25 ), SubResource( 25 ) ]
